General information
- name: GGGRUDGE MATCH
- type: Ladder 1vs1/FFA
- host: Tecnolife
- saver: HERNaNDO
map: aps\NGL\Season0708\NGL-S0708-EI
- players: 3
- length: 23:34
- speed: Fast
- version: 1.21 W3XP
- replay type: Public
» download(134 KB)
Players
team 1 (winner)

»
Tecnolife (
red | 80 APM | 1890 actions | 23:32)
7 Blademaster
3 Wind Walk
3 Critical Strike
1 Bladestorm
» actions
| Assign group hotkey | 3 | |
| Basic commands | 187 | |
| Build / train | 61 | |
| Enter build submenu | 30 | |
| Enter hero's abilities submenu | 7 | |
| Give item / drop item | 5 | |
| Right click | 1039 | |
| Select / deselect | 482 | |
| Select group hotkey | 4 | |
| Use ability | 72 | |
1890 total
» units
| Peon | 9 | |
| Grunt | 5 | |
| Raider | 6 | |
| Forest Troll Shadow Priest | 1 | |
| Tauren | 6 | |
27 total
» upgrades
| Armor | 2 | |
| Ensnare | 1 | |
| Melee Weapons | 3 | |
| Backpack | 1 | |
| Pillage | 1 | |
| Pulverize | 1 | |
9 total
» buildings
| Orc Burrow | 7 | |
| Altar of Storms | 1 | |
| Barracks | 1 | |
| Voodoo Lounge | 1 | |
| Stronghold | 1 | |
| War Mill | 1 | |
| Beastiary | 2 | |
| Fortress | 2 | |
| Tauren Totem | 2 | |
| Spirit Lodge | 2 | |
| Great Hall | 2 | |
22 total
» build order
00:04 Orc Burrow
00:05 Altar of Storms
00:41 Barracks
01:22 Orc Burrow
01:59 Voodoo Lounge
02:50 Stronghold
03:57 Orc Burrow
04:11 War Mill
05:16 Beastiary
05:19 Beastiary
08:44 Orc Burrow
09:39 Fortress
09:40 Fortress
12:43 Tauren Totem
12:48 Tauren Totem
12:53 Spirit Lodge
13:10 Orc Burrow
13:13 Orc Burrow
17:26 Great Hall
17:29 Great Hall
19:07 Orc Burrow
20:39 Spirit Lodge
» items
| Healing Salve | 8 | |
| Lesser Clarity Potion | 1 | |
| Circlet of Nobility | 1 | |
| Gloves of Haste | 1 | |
| Boots of Speed | 1 | |
| Staff of Teleportation | 1 | |
| Tiny Great Hall | 1 | |
14 total
team 2 (loser)
Sgt.Malarkey (
blue | 76 APM | 1799 actions | 23:32)
4 Archmage
2 Blizzard
2 Brilliance Aura
» actions
| Assign group hotkey | 114 | |
| Basic commands | 49 | |
| Build / train | 87 | |
| Enter build submenu | 35 | |
| Enter hero's abilities submenu | 4 | |
| Remove unit from queue | 7 | |
| Right click | 630 | |
| Select / deselect | 314 | |
| Select group hotkey | 493 | |
| Use ability | 66 | |
1799 total
» units
| Peasant | 14 | |
| Footman | 18 | |
| Sorceress | 5 | |
| Priest | 5 | |
| Knight | 5 | |
| Mortar Team | 4 | |
| Flying Machine | 1 | |
| Siege Engine | 1 | |
53 total
» upgrades
| Sorceress Training | 1 | |
| Swords | 2 | |
| Plating | 1 | |
| Gunpowder | 1 | |
| Magic Sentry | 1 | |
| Armor | 1 | |
7 total
» buildings
| Altar of Kings | 1 | |
| Farm | 9 | |
| Barracks | 1 | |
| Scout Tower | 8 | |
| Lumber Mill | 1 | |
| Keep | 1 | |
| Arcane Tower | 1 | |
| Guard Tower | 6 | |
| Blacksmith | 1 | |
| Arcane Vault | 2 | |
| Arcane Sanctum | 1 | |
| Town Hall | 2 | |
| Castle | 1 | |
| Workshop | 1 | |
36 total
» build order
00:07 Altar of Kings
00:13 Farm
00:49 Farm
00:56 Barracks
01:58 Farm
02:41 Scout Tower
02:43 Lumber Mill
03:28 Keep
03:29 Arcane Tower
03:31 Scout Tower
04:02 Guard Tower
04:04 Scout Tower
05:11 Guard Tower
05:12 Scout Tower
05:38 Guard Tower
05:42 Scout Tower
05:49 Blacksmith
06:12 Guard Tower
06:40 Arcane Vault
07:29 Arcane Sanctum
08:17 Town Hall
08:30 Farm
08:39 Farm
10:58 Castle
11:07 Scout Tower
11:41 Guard Tower
12:51 Workshop
13:05 Farm
13:55 Farm
14:32 Farm
14:33 Farm
15:40 Arcane Vault
21:21 Town Hall
22:51 Scout Tower
22:53 Scout Tower
23:27 Guard Tower
» items
| Scroll of Regeneration | 1 | |
| Scroll of Town Portal | 4 | |
| Boots of Speed | 1 | |
6 total
observersHERNaNDO Chat log
(00:45 / All) Tecnolife: LOOKIT DEM APMS
(00:47 / All) Tecnolife: HOUGE
(01:23 / All) Sgt.Malarkey: yeah i like to keep mine below 50
(01:27 / All) Tecnolife: PRO
(01:29 / All) Tecnolife: U R
(01:29 / All) Tecnolife: SIR
(02:21 / All) Tecnolife: hi qt
(02:28 / All) Sgt.Malarkey: lol k
(05:05 / All) Tecnolife: BITCH YOU FAST
(10:25 / All) Sgt.Malarkey: aw i was on the phone
(16:34 / All) Sgt.Malarkey: o lol forgot he was there
(23:04 / All) Sgt.Malarkey: wow
(23:22 / All) Sgt.Malarkey: well gg
(23:27 / All) Tecnolife: gg qt